 Dungeon Sprint DCSS version 0.21.1-1-g345015f (webtiles) character file.

9700000 Fang the Axe Maniac (level 27, -81/273 HPs)
             Began as a Minotaur Gladiator on May 31, 2018.
             Was the Champion of Makhleb.
             Killed from afar by a wretched soul (84 damage)
             ... with a bolt of negative energy
             ... in the Dungeon (Sprint VIII: "Arena of Blood").
             The game lasted 00:02:13 (97 turns).

Fang the Axe Maniac (Minotaur Gladiator)              Turns: 97, Time: 00:02:14

Health: -81/273    AC:  6    Str: 31    XL:     27
Magic:  36/53      EV: 28    Int:  5    God:    Makhleb [******]
Gold:   0          SH:  0    Dex: 13    Spells: 80/80 levels left

rFire    . . .     SeeInvis .   l - +∞ Axe of Woe
rCold    . . .     Gourm    .   (shield currently unavailable)
rNeg     . . .     Faith    .   b - +0 leather armour
rPois    .         Spirit   .   c - +0 hat
rElec    .         Reflect  .   (no cloak)
rCorr    .         Harm     .   (no gloves)
MR       ++...     NoTele   +   (no boots)
Stlth    +++++++++.             (no amulet)
HPRegen  0.55/turn              (no ring)
MPRegen  0.33/turn              (no ring)

@: drained
A: retaliatory headbutt, horns 2
a: Minor Destruction, Lesser Servant of Makhleb, Major Destruction, Greater
Servant of Makhleb, Renounce Religion


You were in the Dungeon.
You worshipped Makhleb.
Makhleb was exalted by your worship.
You were not hungry.

You visited 1 branch

Inventory:

Hand Weapons
 a - a +0 war axe
 l - the +∞ Axe of Woe (weapon)
   (You found it in the Dungeon)
Missiles
 d - 3 throwing nets (quivered)
Armour
 b - a +0 leather armour (worn)
 c - a +0 hat (worn)
Scrolls
 k - a scroll of blinking
Potions
 e - a potion of curing
 h - a potion of haste
 i - 2 potions of magic
 j - a potion of berserk rage
Comestibles
 f - a ration


   Skills:
 O Level 27(25.5) Fighting
 O Level 27(25.5) Axes
 O Level 27(25.5) Throwing
 O Level 27(25.5) Armour
 O Level 27(25.5) Dodging
 O Level 27(25.5) Stealth
 O Level 27(25.5) Unarmed Combat
 O Level 27(25.5) Spellcasting
 O Level 27(25.5) Invocations


You had 80 spell levels left.
You didn't know any spells.

Dungeon Overview and Level Annotations

Branches:
Dungeon (1/1)

Altars:
Makhleb


Innate Abilities, Weirdness & Mutations

You reflexively headbutt those who attack you in melee.
You have a pair of horns on your head.


Message History

You hear a shout! x2; You feel something staring at you.
Something smites you!
* * * LOW HITPOINT WARNING * * *
A hell beast and a wraith come into view.
You are too injured to fight recklessly!
Unknown command.
You are too injured to fight recklessly!
Unknown command.
You feel much better.
You hear a shout!
The meat beast screams, "I will devour thy neck!"
The corpses meld into an agglomeration of writhing flesh!
The destroyer hits you with a +9 great sword of slicing!!!
* * * LOW HITPOINT WARNING * * *
x2 The destroyer barely misses you.
You hear a shout!
A bolt of negative energy appears from out of thin air!
Deactivating autopickup; reactivate with Ctrl-A.
The bolt of negative energy hits you!
You feel drained.
You die...

............ ....
........M.. ....
.......%z.o ......
......%O.W ..X...
#......2# ..#..X
#....{..#
......###V.O.o..###.
....%..)))@###......
...#...)oo%x_......
.#....)))#))%..#...
.....D)).#_)<._#
.#...oOD)#).)..#
...#.o...D.._......
..o........###..%...
O...oV###.... ..###.
...... #%......#


You could see an accursed (wandering), a meat beast, 3 eight-headed meat hydras,
2 destroyers, a sculptor of flesh, a dread, 3 meat berserkers, a small
abomination and 7 bags of meat.

Vanquished Creatures
  5 hell beasts (D)
  3 greater mummies (D)
  2 wraiths (D)
  13 vampire knights (D)
  32 ogres (D)
  4 two-headed ogres (D)
  4 liches (D)
  40 orcs (D)
  3 phantoms (D)
  6 skeletal warriors (D)
  6 large abominations (D)
  8 small abominations (D)
  7 crawling corpses (D)
133 creatures vanquished.

Vanquished Creatures (others)
  3 crawling corpses (D)
3 creatures vanquished.

Grand Total: 136 creatures vanquished

Notes
Turn   | Place    | Note
-------+----------+-------------------------------------------
     0 | D        | Found the +∞ Axe of Woe
     0 | D        | Fang the Minotaur Gladiator began the quest for the Orb.
     0 | D        | Reached XP level 1. HP: 18/18 MP: 0/0
     3 | D        | Noticed a bag of meat
     4 | D        | Became a worshipper of Makhleb the Destroyer
     7 | D        | Noticed a bag of meat
     7 | D        | Noticed a bag of meat
    11 | D        | Noticed a bag of meat
    13 | D        | Noticed a bag of meat
    13 | D        | Noticed a bag of meat
    13 | D        | Noticed a meat berserker
    13 | D        | Noticed a meat berserker
    15 | D        | Noticed a bag of meat
    15 | D        | Noticed a meat berserker
    16 | D        | Noticed a meat berserker
    16 | D        | Killed a bag of meat
    16 | D        | Reached XP level 2. HP: 40/40 MP: 1/1
    16 | D        | Reached XP level 3. HP: 47/47 MP: 2/2
    16 | D        | Reached XP level 4. HP: 55/55 MP: 3/3
    16 | D        | Reached XP level 5. HP: 61/61 MP: 4/4
    16 | D        | Reached XP level 6. HP: 68/68 MP: 5/5
    16 | D        | Reached XP level 7. HP: 74/74 MP: 6/6
    16 | D        | Reached XP level 8. HP: 82/82 MP: 7/7
    16 | D        | Reached XP level 9. HP: 89/89 MP: 8/8
    16 | D        | Reached XP level 10. HP: 96/96 MP: 9/9
    16 | D        | Reached XP level 11. HP: 103/103 MP: 10/10
    16 | D        | Killed a bag of meat
    16 | D        | Reached * piety under Makhleb
    16 | D        | Reached XP level 12. HP: 115/115 MP: 11/11
    17 | D        | Noticed a bag of meat
    17 | D        | Noticed a meat berserker
    17 | D        | Killed a meat berserker
    17 | D        | Reached skill level 15 in Fighting
    17 | D        | Reached skill level 27 in Axes
    17 | D        | Reached XP level 13. HP: 127/127 MP: 12/12
    17 | D        | Reached XP level 14. HP: 135/135 MP: 13/13
    17 | D        | Killed a meat berserker
    17 | D        | Reached skill level 27 in Dodging
    17 | D        | Reached XP level 15. HP: 152/152 MP: 14/14
    17 | D        | Reached ** piety under Makhleb
    18 | D        | Noticed a meat berserker
    18 | D        | Noticed a meat berserker
    19 | D        | Killed a meat berserker
    19 | D        | Reached XP level 16. HP: 31/182 MP: 15/15
    19 | D        | Killed a meat berserker
    19 | D        | Reached *** piety under Makhleb
    19 | D        | Reached skill level 27 in Fighting
    19 | D        | Reached XP level 17. HP: 32/191 MP: 16/16
    20 | D        | Killed a meat berserker
    20 | D        | Reached skill level 27 in Throwing
    20 | D        | Killed a meat berserker
    20 | D        | Reached skill level 27 in Armour
    20 | D        | Reached XP level 18. HP: 34/200 MP: 17/17
    21 | D        | Noticed a meat berserker
    21 | D        | Reached **** piety under Makhleb
    22 | D        | Reached skill level 15 in Unarmed Combat
    22 | D        | Reached skill level 10 in Spellcasting
    23 | D        | Noticed a meat berserker
    23 | D        | Noticed a meat berserker
    24 | D        | Killed a meat berserker
    24 | D        | Reached skill level 15 in Stealth
    24 | D        | Reached XP level 19. HP: 158/207 MP: 17/34
    26 | D        | Killed a meat berserker
    26 | D        | Killed a meat berserker
    26 | D        | Reached ***** piety under Makhleb
    26 | D        | Reached skill level 15 in Spellcasting
    26 | D        | Reached XP level 20. HP: 216/216 MP: 17/39
    27 | D        | Noticed a destroyer
    27 | D        | Killed a meat berserker
    28 | D        | Noticed a large bag of meat
    28 | D        | Noticed a meat berserker
    28 | D        | Noticed a meat berserker
    29 | D        | Reached skill level 27 in Unarmed Combat
    29 | D        | Reached XP level 21. HP: 224/224 MP: 18/43
    31 | D        | Killed a destroyer
    31 | D        | Reached skill level 27 in Stealth
    31 | D        | Reached skill level 27 in Invocations
    32 | D        | Noticed a destroyer
    35 | D        | Reached ****** piety under Makhleb
    35 | D        | Reached skill level 27 in Spellcasting
    35 | D        | Reached XP level 22. HP: 103/233 MP: 20/52
    35 | D        | Killed a large bag of meat
    35 | D        | Reached XP level 23. HP: 240/240 MP: 20/53
    36 | D        | Killed a destroyer
    38 | D        | Noticed a destroyer
    38 | D        | Noticed a destroyer
    40 | D        | Killed a destroyer
    40 | D        | Reached XP level 24. HP: 249/249 MP: 21/53
    41 | D        | Noticed a destroyer
    41 | D        | Killed a destroyer
    44 | D        | Reached XP level 25. HP: 257/257 MP: 22/53
    46 | D        | Noticed a large bag of meat
    47 | D        | Noticed a large bag of meat
    50 | D        | Noticed a destroyer
    50 | D        | Noticed a destroyer
    51 | D        | Noticed a tyrant
    51 | D        | Noticed a large bag of meat
    51 | D        | Reached XP level 26. HP: 266/266 MP: 24/53
    55 | D        | Reached XP level 27. HP: 273/273 MP: 25/53
    57 | D        | Noticed an accursed
    57 | D        | Killed a large bag of meat
    58 | D        | Killed a large bag of meat
    58 | D        | Noticed a destroyer
    59 | D        | Noticed an accursed
    59 | D        | Killed a large bag of meat
    60 | D        | Noticed a destroyer
    60 | D        | Noticed a destroyer
    62 | D        | Noticed a destroyer
    62 | D        | Killed a tyrant
    63 | D        | Killed a destroyer
    64 | D        | Noticed a tyrant
    64 | D        | Noticed a dread
    64 | D        | Noticed an accursed
    64 | D        | Killed a destroyer
    64 | D        | Killed a destroyer
    65 | D        | Killed a destroyer
    66 | D        | Killed a destroyer
    68 | D        | Killed a dread
    68 | D        | Killed a destroyer
    69 | D        | Noticed a tyrant
    69 | D        | Noticed a destroyer
    69 | D        | Killed a destroyer
    70 | D        | Noticed a dread
    71 | D        | Killed an accursed
    74 | D        | Noticed a dread
    75 | D        | Noticed a meat beast
    75 | D        | Killed a dread
    77 | D        | Killed a meat beast
    77 | D        | Killed an accursed
    78 | D        | Noticed a meat beast
    79 | D        | Killed a tyrant
    79 | D        | Killed a tyrant
    80 | D        | Killed an accursed
    81 | D        | Killed a meat beast
    85 | D        | Noticed a tyrant
    87 | D        | Noticed a destroyer
    88 | D        | Noticed a destroyer
    88 | D        | Killed a destroyer
    90 | D        | Noticed a meat beast
    92 | D        | Killed a destroyer
    93 | D        | Noticed a meat beast
    93 | D        | Noticed a meat beast
    94 | D        | Killed a tyrant
    95 | D        | Killed a meat beast
    96 | D        | Noticed a destroyer
    96 | D        | Killed a meat beast
    96 | D        | Killed a meat beast
    97 | D        | Noticed a dread
    97 | D        | Noticed a meat beast
    97 | D        | Noticed an accursed
    97 | D        | HP: 3/273 [destroyer/+9 great sword of slicing (18)]
    97 | D        | Killed from afar by a wretched soul

Skill      XL: |  1  2  3  4  5  6  7  8  9 10 11 12 13 14 15 16 17 18 19 20 21 |
---------------+----------------------------------------------------------------+-----
Fighting       | 11 13 15 19 26 27 | 27.0
Axes           | 20 23 27 | 27.0
Throwing       | 9 11 13 16 22 26 27 | 27.0
Dodging        | 19 21 24 27 | 27.0
Armour         | 3 7 14 18 27 | 27.0
Stealth        | 15 20 24 27 | 27.0
Unarmed Combat | 18 23 27 | 27.0
Spellcasting   | 12 16 19 27 | 27.0
Invocations    | 16 21 26 27 | 27.0

Action                   |  1- 3 |  4- 6 |  7- 9 | 10-12 | 13-15 | 16-18 | 19-21 | 22-24 | 25-27 || total
-------------------------+-------+-------+-------+-------+-------+-------+-------+-------+-------++-------
Melee: Executioner's axe |     1 |       |       |     1 |     1 |     4 |     6 |     7 |    46 ||    66
  Use: Potion            |       |       |       |       |       |       |       |       |     1 ||     1
Armor: Leather armour    |       |       |       |       |       |       |       |       |     3 ||     3
Dodge: Dodged            |       |       |       |       |       |       |     2 |       |     5 ||     7
